 Dungeon Crawl Stone Soup version 0.17-a0-1954-g0dddeaa (webtiles) character file.

638 BarneyGumball the Covert (level 7, 0/31 HPs)
             Began as a Felid Monk on Oct 3, 2015.
             Was a Believer of Kikubaaqudgha.
             Slain by an orc priest
             ... wielding a +0 morningstar
              (12 damage)
             ... on level 6 of the Dungeon.
             The game lasted 00:47:16 (6985 turns).

BarneyGumball the Covert (Felid Monk)               Turns: 6985, Time: 00:47:16

Health: 0/31       AC:  2    Str:  8    XL:     7   Next: 25%
Magic:  13/13      EV: 20    Int: 11    God:    Kikubaaqudgha [**....]
Gold:   285        SH:  0    Dex: 20    Spells: 2 memorised, 10 levels left
                                        Lives:  0   Deaths: 2

rFire  . . .     SeeInvis +       - Unarmed
rCold  . . .     Clarity  .     (armour unavailable)
rNeg   . . .     SustAt   .     (shield unavailable)
rPois  .         Gourm    .     (helmet unavailable)
rElec  .         Spirit   .     (cloak unavailable)
rCorr  .         Warding  .     (gloves unavailable)
rMut   .         Stasis   .     (boots unavailable)
MR     +....                    q - amulet of faith
Stlth  +++++.....               (no ring)
                                (no ring)

@: quick, somewhat resistant to hostile enchantments, quite stealthy
A: no armour, no weapons or thrown items, claws 1, fangs 3, see invisible,
carnivore 3, speed 1, shaggy fur 2, slow metabolism 1, sharp paws
a: Receive Corpses, Renounce Religion


You were on level 6 of the Dungeon.
You worshipped Kikubaaqudgha.
Kikubaaqudgha was pleased with you.
You were not hungry.

You visited 1 branch of the dungeon, and saw 7 of its levels.

You collected 285 gold pieces.

Inventory:

Jewellery
 q - an amulet of faith (around neck)
Magical devices
 r - a wand of digging (16)
Scrolls
 e - 5 scrolls of remove curse {unknown}
 g - a scroll of enchant weapon {unknown}
 i - a scroll of random uselessness {unknown}
 j - a scroll of blinking {unknown}
 l - a scroll of identify {unknown}
 m - 2 scrolls of enchant armour {unknown}
 n - 2 scrolls of teleportation {unknown}
 p - a scroll of amnesia {unknown}
 v - a scroll of immolation {unknown}
 y - a scroll of silence {unknown}
Potions
 b - a potion of magic {unknown}
 c - a potion of might {unknown}
 d - a potion of mutation {unknown}
 f - a potion of curing
 h - a potion of haste
 k - a potion of resistance
 t - a potion of berserk rage {unknown}
 B - a potion of poison {unknown}
Books
 s - a book of Necromancy

   Spells                             Type                      Level
   a - Pain                           Necromancy                   1
   b - Animate Skeleton               Necromancy                   1
   c - Vampiric Draining              Necromancy                   3
   d - Regeneration                   Charms/Necromancy            3
   e - Animate Dead                   Necromancy                   4
   f - Control Undead                 Necromancy                   4
 u - a book of Callings

   Spells                             Type                      Level
   a - Summon Small Mammal            Summoning                    1
   b - Call Imp                       Summoning                    2
   c - Call Canine Familiar           Summoning                    3
   d - Summon Guardian Golem          Hexes/Summoning              3
   e - Summon Lightning Spire         Summoning/Air                4
   f - Summon Ice Beast               Ice/Summoning                4
 w - Kikubaaqudgha's Reference Book on Sinister Secrets
   (Kikubaaqudgha gifted it to you on level 4 of the Dungeon)

   Spells                             Type                      Level
   a - Pain                           Necromancy                   1
   b - Corpse Rot                     Necromancy                   2
   c - Sublimation of Blood           Necromancy                   2
   d - Vampiric Draining              Necromancy                   3
   e - Control Undead                 Necromancy                   4
 x - a book of Annihilations

   Spells                             Type                      Level
   a - Poison Arrow                   Conjuration/Poison           6
   b - Chain Lightning                Conjuration/Air              8
   c - Lehudib's Crystal Spear        Conjuration/Earth            8
   d - Glaciate                       Conjuration/Ice              9
   e - Fire Storm                     Conjuration/Fire             9
Comestibles
 a - 3 meat rations
 o - 2 beef jerkies
 z - a slice of pizza


   Skills:
 - Level 3.0 Fighting
 - Level 4.0 Dodging
 - Level 8.1 Stealth
 - Level 4.3 Unarmed Combat
 + Level 3.6 Spellcasting
 * Level 6.7 Necromancy


You had 10 spell levels left.
You knew the following spells:

 Your Spells              Type           Power        Failure   Level  Hunger
a - Animate Skeleton      Necr           N/A          1%          1    #......
b - Call Imp              Summ           #.......     43%         2    ##.....


Dungeon Overview and Level Annotations

Branches:
Dungeon (7/15)             Temple (0/1) D:5

Altars:
Dithmenos
Elyvilon
Fedhas
Kikubaaqudgha
Xom
The Shining One


Innate Abilities, Weirdness & Mutations

You cannot wear armour.
You are incapable of wielding weapons or throwing items.
You have sharp claws.
You have razor-sharp teeth.
You have supernaturally acute eyesight.
You are carnivorous and can eat meat at any time.
You cover ground quickly.
You are covered in thick fur (AC +2).
You have a slow metabolism.
Your sharp claws are effective at attacking unaware monsters.


Message History

The orc priest is moderately wounded.
The orc completely misses you.
You scratch the orc priest.
The orc priest is moderately wounded.
The orc priest closely misses you.
The orc hits you from afar with a trident.
You closely miss the orc priest.
The orc priest is moderately wounded.
The orc priest closely misses you. The orc barely misses you.
You scratch the orc priest.
The orc priest is severely wounded.
The orc priest completely misses you.
You barely miss the orc priest.
The orc priest is severely wounded.
The orc misses you.
You closely miss the orc priest.
The orc priest is severely wounded.
The orc priest hits you with a morningstar!
You die...
Kikubaaqudgha rasps: "You have failed me!
Welcome... death!"

##### ###
#.#.########.############
###.............#........<#
#..............##.#########
#.#.#..........##.#
#.#.#.#######@###.# #.#.#.#
#o# #.# #.#.#.# #o# #.#
#.#.#.# #o# #.# #.#.#.# #o#
#.# #.#.#.# #.###.#####
#.#.#.#######.........#
.#.# #.#.........#.###.#
...#.#.##.####.#.#.###.#


You could see an orc priest and 3 orcs.

Vanquished Creatures
  A hungry ghost (D:7)
  A necrophage (D:6)
  A phantom (D:4)
  A centaur (D:6)
  A sky beast (D:6)
  An ogre (D:4)
  2 scorpions
  The ghost of weded the Skirmisher, a weakling CeFi (D:3)
  A centaur zombie (D:6)
  A crimson imp (D:6)
  2 giant frog zombies
  2 jellies
  A hound (D:7)
  3 worker ants
  A killer bee zombie (D:7)
  A hound skeleton (D:4)
  A gnoll (D:3)
  8 adders
  An adder zombie (D:5)
  An ooze (D:3)
  A worm (D:4)
  4 giant geckos
  7 orcs
  3 ball pythons
  4 giant cockroaches
  5 goblins
  6 hobgoblins
  8 jackals
  6 kobolds
  5 bats
  2 giant gecko skeletons
  4 giant newts
  A jackal skeleton (D:4)
  3 quokkas
  7 rats
98 creatures vanquished.

Vanquished Creatures (collateral kills)
  An ogre (D:4)
  A gnoll (D:4)
  An orc (D:4)
3 creatures vanquished.

Grand Total: 101 creatures vanquished

Notes
Turn   | Place    | Note
--------------------------------------------------------------
     0 | D:1      | BarneyGumball the Felid Monk began the quest for the Orb.
     0 | D:1      | Reached XP level 1. HP: 10/10 MP: 2/2
   253 | D:1      | Reached XP level 2. HP: 14/14 MP: 3/3
   785 | D:2      | Reached XP level 3. HP: 17/17 MP: 4/4
  1281 | D:2      | Reached skill level 5 in Stealth
  1580 | D:3      | Found a faded altar to an unknown god.
  1593 | D:3      | Noticed weded's ghost (weakling CeFi)
  2047 | D:3      | Learned a level 1 spell: Animate Skeleton
  2477 | D:3      | Reached XP level 4. HP: 21/21 MP: 5/5
  2549 | D:3      | Killed weded's ghost
  2549 | D:3      | Reached skill level 6 in Stealth
  2549 | D:3      | Reached skill level 1 in Necromancy
  2573 | D:3      | Killed from afar by an orc priest
  2574 | D:3      | Reached XP level 3. HP: -3/17 MP: 4/4
  2776 | D:4      | Noticed an ogre
  2799 | D:4      | Found a shadowy altar of Dithmenos.
  2852 | D:4      | Reached XP level 4. HP: 3/21 MP: 5/5
  3109 | D:4      | Noticed a phantom
  3116 | D:4      | Killed a phantom
  3116 | D:4      | Reached skill level 7 in Stealth
  3116 | D:4      | Reached XP level 5. HP: 24/24 MP: 6/6
  3202 | D:4      | Noticed an ogre
  3336 | D:4      | Learned a level 2 spell: Call Imp
  3449 | D:4      | Found an ancient bone altar of Kikubaaqudgha.
  3449 | D:4      | Found a blossoming altar of Fedhas.
  3471 | D:4      | Became a worshipper of Kikubaaqudgha
  3471 | D:4      | Acquired Kikubaaqudgha's first power
  3471 | D:4      | Received a gift from Kikubaaqudgha
  3471 | D:4      | Acquired Kikubaaqudgha's second power
  3472 | D:4      | Identified Kikubaaqudgha's Reference Book on Sinister Secrets (Kikubaaqudgha gifted it to you on level 4 of the Dungeon)
  3895 | D:4      | Noticed a scorpion
  3966 | D:4      | Killed a scorpion
  3966 | D:4      | Reached skill level 8 in Stealth
  4769 | D:3      | Gained mutation: You are covered in thick fur (AC +2). [Felid growth]
  4769 | D:3      | Reached XP level 6. HP: 28/28 MP: 7/7
  4855 | D:4      | Killed an ogre
  4855 | D:4      | Reached skill level 1 in Spellcasting
  4959 | D:4      | Killed an ogre
  4995 | D:5      | Entered Level 5 of the Dungeon
  5039 | D:5      | HP: 1/28 [poisoned by a worker ant]
  5443 | D:5      | Found a staircase to the Ecumenical Temple.
  5546 | D:5      | Reached XP level 7. HP: 27/31 MP: 10/10
  5925 | D:6      | Found a shimmering altar of Xom.
  5980 | D:6      | Found a glowing golden altar of the Shining One.
  5984 | D:6      | Found a white marble altar of Elyvilon.
  6269 | D:6      | Found a blossoming altar of Fedhas.
  6271 | D:6      | Reached skill level 5 in Necromancy
  6829 | D:7      | Reached XP level 8. HP: 34/34 MP: 12/14
  6854 | D:7      | Slain by an orc warrior
  6855 | D:7      | Reached XP level 7. HP: -1/31 MP: 13/13
  6985 | D:6      | Slain by an orc priest

Vault maps used:
D:1:      evilmike_arrival_crescent
D:2:      serial_forest, infiniplex_forest_corner_1, infiniplex_forest_lined_2,
          infiniplex_forest_lined_1, infiniplex_forest_lined_room_,
          infiniplex_forest_end_2, infiniplex_forest_clump_small,
          infiniplex_forest_clump_small, infiniplex_forest_clump_double,
          first_bread, solitary_fountain, minmay_misc_feat_tower, minmay_vboxes
D:3:      ecumenical_altar_1, kennysheep_another_room, kennysheep_crisscross
D:4:      grunt_temple_overflow_growth_and_decay, old_standard_altar
D:5:      minmay_temple_entry_trees
D:6:      grunt_temple_overflow_open, fedhas_altar_fruit_tree
D:7:      lemuel_upstairs_altar, eino_jars, the_bakery, jiyva_altar_1,
          uniq_duvessa

Action                   |  1- 3 |  4- 6 |  7- 9 || total
-------------------------+-------+-------+-------++-------
Melee: Unarmed           |    96 |    84 |    64 ||   244
 Cast: Animate Skeleton  |     3 |    10 |     9 ||    22
       Call Imp          |       |     1 |       ||     1
Invok: Receive Corpses   |       |     2 |     1 ||     3
  Use: Potion            |       |     4 |       ||     4
 Stab: Sleeping          |    15 |    12 |    11 ||    38
       Distracted        |       |     1 |     1 ||     2
  Eat: Chunk             |    11 |     9 |     2 ||    22
